 Dungeon Crawl Stone Soup version 0.31-a0-986-g5e6e4ef867 (webtiles) character file.

Game seed: 12074770156968826424

4346 FakeRyeBread the Basher (level 10, -5/64 HPs)
             Began as a Gargoyle Fighter on Nov 8, 2023.
             Was a Believer of Okawaru.
             Killed from afar by Maggie (10 damage)
             ... with a bolt of fire
             ... on level 8 of the Dungeon.
             The game lasted 00:24:28 (8544 turns).

FakeRyeBread the Basher (Gargoyle Fighter)          Turns: 8544, Time: 00:24:29

Health: -5/64      AC: 25    Str: 26    XL:     10   Next: 34%
Magic:  10/10      EV:  7    Int: 10    God:    Okawaru [**....]
Gold:   273        SH:  6    Dex:  7    Spells: 9/9 levels left

rFire   + . .        p - +2 whip (elec)
rCold   . . .        c - +1 buckler
rNeg    + . .        t - +0 plate armour
rPois   ∞            (no helmet)
rElec   +            (no cloak)
rCorr   .            (no gloves)
SInv    +            w - +3 pair of boots "Dibygyuj" {Harm Fly Str+3 Dex-2}
Will    .....        (no amulet) Stlth
                     n - ring of see invisible
HPRegen 0.30/turn    g - ring of protection from fire
MPRegen 0.12/turn

%: harm (+30% outgoing, +20% incoming)
@: flying
A: sickness immunity, AC +7, negative energy resistance 1, electricity
resistance, torment resistance 1, petrification resistance
a: Renounce Religion, Heroism


You were on level 8 of the Dungeon.
You worshipped Okawaru.
Okawaru was pleased with you.
You visited 2 branches of the dungeon, and saw 9 of its levels.
You also visited: Sewer.

You collected 399 gold pieces.
You spent 126 gold pieces at shops.

Inventory:

Hand Weapons
 a - a +1 flail of flaming
 p - a +2 whip of electrocution (weapon)
Missiles
 b - 3 boomerangs (quivered)
 o - 4 javelins
 r - 2 throwing nets
Armour
 c - a +1 buckler (worn)
 t - a +0 plate armour (worn)
 w - the +3 pair of boots "Dibygyuj" (worn) {Harm Fly Str+3 Dex-2}
   (You found it on level 7 of the Dungeon)

   Str+3:     It affects your strength (+3).
   Dex-2:     It affects your dexterity (-2).
   Fly:       It grants you flight.
   Harm:      It increases damage dealt and taken.
Jewellery
 g - a ring of protection from fire (right hand)
 l - a ring of wizardry
 n - a ring of see invisible (left hand)
Wands
 q - a wand of flame (16)
Scrolls
 i - 2 scrolls of enchant weapon
 s - 2 scrolls of blinking
 u - a scroll of revelation {unknown}
 x - a scroll of amnesia {unknown}
Potions
 d - 2 potions of might
 e - 2 potions of ambrosia
 f - a potion of brilliance
 h - a potion of haste
 j - a potion of invisibility
 k - a potion of cancellation
 m - a potion of curing
 v - a potion of attraction {unknown}
 z - a potion of mutation {unknown}


   Skills:
 + Level 8.0 Fighting
 * Level 9.6 Maces & Flails
 + Level 7.9 Armour
 + Level 8.0 Shields


You had 9 spell levels left.
You didn't know any spells.
Your spell library contained the following spells:

 Spells                   Type           Power      Damage    Failure   Level
 Poisonous Vapours        Pois/Air       0%         N/A       100%        2
 Mephitic Cloud           Conj/Pois/Air  0%         N/A       100%        3
 Sigil of Binding         Hex            0%         N/A       100%        3
 Cause Fear               Hex            0%         N/A       100%        4
 Dimensional Bullseye     Hex/Tloc       0%         N/A       100%        4
 Leda's Liquefaction      Hex/Erth       0%         N/A       100%        4
 Petrify                  Tmut/Erth      0%         N/A       100%        4
 Fireball                 Conj/Fire      0%         3d3       100%        5
 Freezing Cloud           Conj/Ice/Air   0%         6-21      100%        5
 Irradiate                Conj/Tmut      0%         3d11      100%        5
 Sublimation of Blood     Necr           Unusable   N/A       N/A         2
 Call Canine Familiar     Summ           Unusable   N/A       N/A         3
 Dragon's Call            Summ           Unusable   N/A       N/A         9

Dungeon Overview and Level Annotations

Branches:
Dungeon (8/15)             Temple (1/1) D:4           Sewer (visited)
   Lair: D:8-11

Altars:
Ashenzari
Cheibriados
Elyvilon
Fedhas
Gozag
Hepliaklqana
Kikubaaqudgha
Nemelex Xobeh
Okawaru
Qazlal
Ru
Sif Muna
Trog
Uskayaw
Vehumet
Wu Jian
Xom
Yredelemnul
Zin
The Shining One

Shops:
D:3 ?

Portals:
Bailey: D:8

Annotations:
D:8 Maggie


Innate Abilities, Weirdness & Mutations

You are immune to sickness and miasma.
Your stone body is resilient. (AC +7)
You are immune to poison.
You resist negative energy. (rN+)
You are resistant to electric shocks. (rElec)
You are resistant to unholy torment.
You are immune to petrification.


Message History

The hornet is lightly wounded.
The hornet barely misses you. Maggie hits you but does no damage.
You closely miss Maggie. The hornet stings you.
You hit Maggie but do no damage.
You break out of your daze.
The hornet stings you but does no damage.
Maggie hits you but does no damage.
You hit Maggie.
Maggie is lightly wounded.
The hornet stings you but does no damage.
You hit Maggie.
Maggie is lightly wounded.
You block the hornet's attack. Maggie gestures at you while chanting.
The bolt of fire hits you but does no damage.
You hit Maggie.
Maggie is lightly wounded.
The hornet stings you but does no damage.
Maggie gestures at you while chanting. The bolt of fire hits you! You resist.
You whack Maggie! Lightning courses through Maggie!
Maggie is heavily wounded.
The hornet barely misses you.
You closely miss Maggie.
Maggie is heavily wounded.
Maggie hits you but does no damage. You block the hornet's attack.
You hit Maggie.
Maggie is heavily wounded.
The hornet stings you!
* * * LOW HITPOINT WARNING * * *
It was a potion of curing.
You feel better. Maggie hits you but does no damage.
You block the hornet's attack.
You completely miss Maggie.
Maggie is heavily wounded.
The hornet stings you!
* * * LOW HITPOINT WARNING * * *
Maggie practices a pose.
Maggie casts a spell at you. The bolt of fire hits you! You resist.
You die...

#.......##
#.......#
#.......#
#.......#
#....>..#
#.......#
#.......#
#########.......#
.#.....#@).......#
......oy@#.#######
.........#.#
.?...###...# o...
+..## ... #..# .
...# ....# #..#


You could see Maggie, a hornet and an orc.

Vanquished Creatures
  Pikel (D:4)
  Joseph (D:8)
  Grinder (D:4)
  A wyvern (D:7)
  A steam dragon (D:7)
  Menkaure (D:7)
  2 water moccasins (D:7)
  3 ice beasts
  2 orc warriors
  2 ogres (D:5)
  4 lemures
  A phantom (D:7)
  Blork the orc (D:4)
  5 bullfrogs
  A kobold brigand (D:8)
  3 scorpions
  A gnoll sergeant (D:8)
  5 wights
  3 hounds
  4 jellies
  8 orc priests
  2 sleepcaps
  Natasha (thrice) (D:3)
  2 iguanas
  4 orc wizards
  10 adders
  14 gnolls
  2 shadow imps
  2 worms (D:4)
  A dart slug (D:1)
  22 orcs
  10 ball pythons
  8 endoplasms
  10 giant cockroaches
  12 goblins
  7 hobgoblins
  4 jackals (D:2)
  4 quokkas
  4 bats
  13 frilled lizards
  10 kobolds
  8 rats
203 creatures vanquished.

Notes
Turn   | Place    | Note
-------+----------+-------------------------------------------
     0 | D:1      | FakeRyeBread the Gargoyle Fighter began the quest for the
                  | Orb.
     0 | D:1      | Reached XP level 1. HP: 14/14 MP: 1/1
   199 | D:1      | Reached XP level 2. HP: 19/19 MP: 2/2
   671 | D:1      | Reached XP level 3. HP: 23/23 MP: 3/3
  1073 | D:2      | Reached skill level 3 in Maces & Flails
  1251 | D:2      | Reached XP level 4. HP: 29/29 MP: 4/4
  1779 | D:3      | Found a faded altar of an unknown god.
  2051 | D:3      | Noticed Natasha
  2067 | D:3      | Killed Natasha
  2368 | D:3      | Reached XP level 5. HP: 33/33 MP: 5/5
  2550 | D:3      | Noticed Natasha
  2560 | D:3      | Killed Natasha
  2627 | D:3      | Noticed Natasha
  2639 | D:3      | Killed Natasha
  2748 | D:3      | Found Etexenyo's Magic Scroll Shoppe.
  2770 | D:3      | Bought a scroll of identify for 22 gold pieces
  2770 | D:3      | Bought a scroll of identify for 22 gold pieces
  2770 | D:3      | Bought a scroll of blinking for 82 gold pieces
  2812 | D:4      | Found a glowing drain.
  2816 | D:4      | Reached skill level 4 in Maces & Flails
  2827 | D:4      | Noticed a lemure
  2828 | D:4      | You fall into a shaft and drop 1 floor!
  2828 | D:5      | Entered Level 5 of the Dungeon
  2830 | D:5      | Noticed an ice beast
  2840 | D:4      | Noticed a lemure
  2855 | D:3      | Reached XP level 6. HP: 12/39 MP: 6/6
  2988 | Sewer    | Entered a sewer
  3313 | Sewer    | Reached XP level 7. HP: 33/44 MP: 7/7
  3320 | Sewer    | Reached skill level 5 in Maces & Flails
  3430 | D:4      | Found a staircase to the Ecumenical Temple.
  3801 | Temple   | Entered the Ecumenical Temple
  3889 | D:4      | Noticed Blork the orc
  3904 | D:4      | Killed Blork the orc
  3905 | D:4      | Reached skill level 5 in Fighting
  3905 | D:4      | Reached skill level 5 in Shields
  4029 | D:4      | Noticed Grinder
  4083 | D:4      | Paralysed by Grinder for 3 turns
  4088 | D:4      | Killed Grinder
  4089 | D:4      | Reached skill level 5 in Armour
  4181 | D:4      | Noticed Pikel
  4217 | D:4      | Killed Pikel
  4218 | D:4      | Reached skill level 6 in Maces & Flails
  4218 | D:4      | Reached XP level 8. HP: 31/51 MP: 8/8
  4413 | D:4      | Found a glowing golden altar of the Shining One.
  4825 | D:5      | Reached skill level 7 in Maces & Flails
  4971 | D:5      | Found an iron altar of Okawaru.
  5090 | D:5      | Reached XP level 9. HP: 45/56 MP: 9/9
  5116 | D:5      | Became a worshipper of Warmaster Okawaru
  6276 | D:6      | Reached skill level 8 in Maces & Flails
  6386 | D:6      | Reached * piety under Okawaru
  6769 | D:6      | Found a broken altar of Ashenzari.
  6769 | D:6      | Found a hazy altar of Hepliaklqana.
  6769 | D:6      | Found a radiant altar of Vehumet.
  7206 | D:7      | Noticed Menkaure
  7214 | D:7      | Killed Menkaure
  7561 | D:7      | Identified the +3 pair of boots "Dibygyuj" {Harm Fly Str+3
                  | Dex-2}
  7671 | D:7      | Reached skill level 9 in Maces & Flails
  7671 | D:7      | Reached XP level 10. HP: 25/63 MP: 10/10
  7936 | D:7      | Reached ** piety under Okawaru
  8249 | D:8      | Found a flagged portal.
  8338 | D:8      | Noticed Joseph
  8363 | D:8      | Killed Joseph
  8521 | D:8      | Noticed Maggie
  8544 | D:8      | Killed from afar by Maggie

Illustrated notes

Levels and vault maps discovered:
D:1:      dpeg_arrival_snail, layout_loops_ring, grunt_decor_one_mirror,
          minmay_unequal
D:2:      layout_basic, minmay_misc_feat_square
D:3:      layout_basic, nicolae_ecumenical_lake_church, serial_shops, shop,
          minmay_randomly_rotated_circles, uniq_natasha
D:4:      layout_cave_pools, tso_oasis_becter, minmay_temple_entry_arrows,
          cheibrodos_sewer_entry_drain, uniq_pikel, uniq_blork_the_orc,
          uniq_grinder
D:5:      layout_basic, lemuel_tele_altar
D:6:      layout_basic, gammafunk_temple_overflow_claw
D:7:      layout_gridville, uniq_menkaure
D:8:      layout_rooms, kennysheep_mini, enter_bailey_4, serial_shops, shop,
          nzn_random_ring, uniq_maurice, uniq_maggie, uniq_joseph
Temple:   hellmonk_temple_of_storms

Skill      XL: |  1  2  3  4  5  6  7  8  9 10 |
---------------+-------------------------------+-----
Maces & Flails | 3 4 6 7 9 |  9.6
Armour         | 4 5 6 7 |  7.9
Fighting       | 4 5 6 7 8 |  8.0
Shields        | 4 5 6 7 8 |  8.0

Action                     |  1- 3 |  4- 6 |  7- 9 | 10-12 || total
---------------------------+-------+-------+-------+-------++-------
  Melee: Flail             |   144 |   192 |   124 |       ||   460
         Whip              |       |       |   253 |   145 ||   398
  Throw: Boomerang         |       |       |     4 |       ||     4
    Use: Scroll            |       |     9 |     7 |       ||    16
         Potion            |       |       |       |     1 ||     1
 Armour: Scale mail        |   107 |    21 |       |       ||   128
         Chain mail        |       |   178 |   167 |       ||   345
         Plate armour      |       |       |   111 |    97 ||   208
  Dodge: Dodged            |    73 |   109 |   110 |    27 ||   319
  Block: Buckler           |    39 |    78 |   104 |    24 ||   245

Table legend: (Time is in decaauts)
 A = Elapsed time spent in this place.
 B = Non-inter-level travel time spent in this place.
 C = Inter-level travel time spent in this place.
 D = Time resting spent in this place.
 E = Time spent auto-exploring this place.
 F = Levels seen in this place.
 G = Mean time per level.
                   A        B        C        D        E       F      G
               +--------+--------+--------+--------+--------+-----+--------+
         Total |   8627 |   7658 |    969 |   1196 |   4199 |  10 |  862.7 |
       Dungeon |   8055 |   7171 |    884 |   1150 |   4199 |   8 | 1006.9 |
        Temple |     88 |      3 |     85 |      0 |      0 |   1 |   88.0 |
         Sewer |    484 |    484 |      0 |     46 |      0 |   1 |  484.0 |
               +--------+--------+--------+--------+--------+-----+--------+

Top non-repeatable levels by time:
     D:3: 1672 daAuts
     D:6: 1445 daAuts
     D:4: 1064 daAuts
     D:7: 1004 daAuts
     D:5: 941 daAuts
     D:2: 901 daAuts
     D:1: 789 daAuts
   Sewer: 484 daAuts
     D:8: 236 daAuts
  Temple: 88 daAuts
